 Dungeon Crawl Stone Soup version 0.31.0-9-g3a7656b989 (webtiles) character file.

Game seed: 18390185156076695660

20 qw the Shooter (level 2, -2/16 HPs)
             Began as a Deep Elf Hunter on Feb 2, 2024.
             Succumbed to their own poison gas
             ... on level 1 of the Dungeon.
             The game lasted 00:00:02 (454 turns).

qw the Shooter (Deep Elf Hunter)                     Turns: 454, Time: 00:00:03

Health: -2/16      AC:  5    Str:  8    XL:     2   Next: 58%
Magic:  4/4        EV: 10    Int: 13    God:
Gold:   0          SH:  0    Dex: 18    Spells: 1/1 levels left

rFire   . . .        a - +1 shortbow
rCold   . . .        (shield currently unavailable)
rNeg    . . .        d - +0 ring mail
rPois   .            (no helmet)
rElec   .            (no cloak)
rCorr   .            (no gloves)
SInv    .            (no boots)
Will    .....        (no amulet)
Stlth   +            (no ring)
HPRegen 0.22/turn    (no ring)
MPRegen 0.09/turn

%: no passive effects
@: lethally poisoned (-2 -> -11)
A: no striking features
a: no special abilities


You were on level 1 of the Dungeon.
You visited 1 branch of the dungeon, and saw 1 of its levels.


   Skills:
 - Level 1.5 Fighting
 + Level 6.3 Ranged Weapons
 - Level 2.4 Dodging
 - Level 1.2 Stealth


You had one spell level left.
You didn't know any spells.
Your spell library was empty.

Inventory:

Hand Weapons
 a - a +1 shortbow (weapon)
Armour
 d - a +0 ring mail (worn)

Dungeon Overview and Level Annotations

Branches:
Dungeon (1/15)

Altars:

Annotations:
D:1 1 runed translucent door


Message History

419 ||| READING scroll labelled HUPAONIBLA.
As you read the scroll labelled HUPAONIBLA, it crumbles to dust.
Your body is wracked with pain!
It was a scroll of torment.
The giant cockroach waves its antennae.
You start resting.
The rat twitches its whiskers.
The jackal stops to sniff the ground.
The endoplasm jiggles.
The jackal pauses to sniff the ground.
HP restored.
Done exploring.
448 ||| READING scroll labelled ZEDUEL KIGEAMA.
The air fills with toxic fumes!
As you read the scroll labelled ZEDUEL KIGEAMA, it crumbles to dust.
It was a scroll of poison.
Done exploring.
449 ||| DROPPING scroll of butterflies.
You drop a scroll of butterflies.
Done exploring.
What level of the Dungeon? (default 1, ? - help) Sorry, I don't know how to get there.
Enter note:
Enter note:
Enter note:
Enter note:
Enter note:
Enter note:
Enter note:
Enter note:
Enter note: You are engulfed in poison gas.
You are lethally poisoned!
You feel very sick.
451 ||| Stepping ~*~*~tactically~*~*~ (cloud).
You feel very sick.
There is a lethal amount of poison in your body!
You feel very sick.
There is a lethal amount of poison in your body!
You feel sick.
There is a lethal amount of poison in your body!
You die...

...####............#..........###
...# #...................#....##
...# ##..............)...........
..####......##...#....¤....#....#
.......#.............¤.....#.....
....................¤.........#..
........###+#######0###..........
........#..}...>.¤0¤¤¤#..........
........#.0¤...<@000¤¤#...#......
........+}....###¤0¤¤¤0¤#........
........#.¤¤....?¤¤¤¤¤#..........
........#######+#######.#.#......
........#....JJJwwBJBr#.#.#......
........#....rBrhhJh..#..........
...##.#.#.....rrBrh...#.#........
........###############.........#
...###......................#.###


You could see a ribbon worm, an endoplasm, 2 jackals, a giant cockroach and a
rat.

Vanquished Creatures
  A dart slug (D:1)
  2 ball pythons (D:1)
  3 endoplasms (D:1)
  A giant cockroach (D:1)
  2 goblins (D:1)
  2 hobgoblins (D:1)
  2 bats (D:1)
  A frilled lizard (D:1)
  2 kobolds (D:1)
  A rat (D:1)
17 creatures vanquished.

Notes
Turn   | Place    | Note
-------+----------+-------------------------------------------
     0 | D:1      | qw the Deep Elf Hunter began the quest for the Orb.
     0 | D:1      | Reached XP level 1. HP: 12/12 MP: 3/3
     0 | D:1      | 0 ||| qw: Version: 0.3-a-155-g5e7d8dd
     0 | D:1      | 0 ||| qw: Game counter: 1137
     0 | D:1      | 0 ||| qw: Melee chars always use a shield: true
     0 | D:1      | 0 ||| qw: God list: Okawaru
     0 | D:1      | 0 ||| qw: Allow faded altars: false
     0 | D:1      | 0 ||| qw: Do Orc after clearing Dungeon:15 true
     0 | D:1      | 0 ||| qw: Do second Lair branch before Depths: true
     0 | D:1      | 0 ||| qw: Lair rune preference: random
     0 | D:1      | 0 ||| qw: Goals: Normal
     0 | D:1      | 0 ||| PLANNING D:1-11
     1 | D:1      | Found a runed translucent door.
    63 | D:1      | Reached XP level 2. HP: 16/16 MP: 4/4
    76 | D:1      | Reached skill level 6 in Ranged Weapons
   406 | D:1      | 406 ||| UPGRADING to +0 ring mail.
   416 | D:1      | 416 ||| DROPPING +0 leather armour.
   417 | D:1      | 417 ||| READING scroll labelled CECAPS NUCZO.
   418 | D:1      | 418 ||| READING scroll labelled QEBOTE CYFURGHI.
   418 | D:1      | 418 ||| ENCHANTING +0 shortbow.
   419 | D:1      | 419 ||| READING scroll labelled HUPAONIBLA.
   448 | D:1      | 448 ||| READING scroll labelled ZEDUEL KIGEAMA.
   449 | D:1      | 449 ||| DROPPING scroll of butterflies.
   451 | D:1      | 451 ||| Stepping ~*~*~tactically~*~*~ (cloud).
   452 | D:1      | HP: 3/16 [poisoned by you (poison gas)]
   453 | D:1      | HP: 1/16 [poisoned by you (poison gas)]
   454 | D:1      | Succumbed to their own poison gas

Levels and vault maps discovered:
D:1:      dpeg_arrival_caged_fury, layout_rooms

Skill      XL: |  1  2 |
---------------+-------+-----
Ranged Weapons | 6 |  6.3
Fighting       | |  1.5
Dodging        | |  2.4
Stealth        | |  1.2

Action                     || total
---------------------------++-------
   Fire: Shortbow          ||    39
    Use: Scroll            ||     4
 Armour: Leather armour    ||     6
  Dodge: Dodged            ||     4

Table legend:
 A = Non-vault XP
 B = Vault XP
 C = Vault XP percentage of total XP
 D = Non-vault monster count
 E = Vault monster count
 F = Vault count percentage of total count
                 A         B        C        D         E       F
            +---------+---------+-------+---------+---------+-------
      Total |      29 |       0 |   0.0 |      17 |       0 |   0.0
            +---------+---------+-------+---------+---------+-------
        D:1 |      29 |       0 |   0.0 |      17 |       0 |   0.0
            +---------+---------+-------+---------+---------+-------
